 Dungeon Crawl Stone Soup version 0.26-a0-478-g6c97825 (webtiles) character file.

Game seed: 2656743493971491782

72190 Illumine the Blocker (level 15, -11/138 HPs)
             Began as a Deep Dwarf Fighter on July 31, 2020.
             Was the Champion of Makhleb.
             Mangled by an orc high priest
             ... wielding a +0 battleaxe
              (14 damage)
             ... while paralysed
             ... on level 2 of the Orcish Mines on Aug 1, 2020.
             The game lasted 00:29:19 (17793 turns).

Illumine the Blocker (Deep Dwarf Fighter)          Turns: 17793, Time: 00:29:20

Health: -11/138    AC: 22    Str: 34    XL:     15   Next: 0%
Magic:  19/19      EV:  2    Int: -1 (4) God:    Makhleb [******]
Gold:   2436       SH:  0    Dex: 12    Spells: 14/14 levels left

rFire    . . .     SeeInvis +   a - +5 broad axe (drain)
rCold    . . .     Faith    .   U - +10 tower shield of Ignorance {rN+ Int-4}
rNeg     + + +     Spirit   .   K - +7 chain mail of Boiling Hail {rElec rF- Regen+ Str+5}
rPois    .         Reflect  +   (no helmet)
rElec    +         Harm     .   (no cloak)
rCorr    .                      y - +0 pair of gloves
MR       ++...                  H - +0 pair of boots
Stlth    ..........             f - amulet of Intercession {Reflect rN+ SH+5}
HPRegen  0.00/turn              g - ring of protection from fire
MPRegen  0.16/turn              O - ring of Skepticism {Str+2 SInv}

@: paralysed, non-regenerating, slowed, lost intelligence
A: damage resistance, heal wounds, negative energy resistance 1, sense
surroundings 2, no regeneration
a: Heal Wounds, Minor Destruction, Lesser Servant of Makhleb, Major Destruction,
Greater Servant of Makhleb, Renounce Religion


You were on level 2 of the Orcish Mines.
You worshipped Makhleb.
Makhleb was exalted by your worship.
You visited 4 branches of the dungeon, and saw 22 of its levels.
You also visited: Sewer, Ossuary and Gauntlet.

You collected 2436 gold pieces.

Inventory:

Hand Weapons
 a - a +5 broad axe of draining (weapon)
 b - a +4 morningstar
Missiles
 R - 11 javelins (quivered)
Armour
 y - a +0 pair of gloves (worn)
 G - the +1 scale mail "Gocsifaih" {Harm +Inv rCorr Stlth+}
   (You found it on level 8 of the Dungeon)

   It lets you turn invisible.
   It provides partial protection from all sources of acid and corrosion.
   It increases damage dealt and taken.
   It makes you more stealthy.
 H - a +0 pair of boots (worn)
 K - the +7 chain mail of Boiling Hail (worn) {rElec rF- Regen+ Str+5}
   (You found it on level 8 of the Dungeon)

   It affects your strength (+5).
   It makes you vulnerable to fire.
   It insulates you from electricity.
   It increases your rate of regeneration.
 L - the +1 cloak "Zuasioqu" {rPois MR- Int+3}
   (You found it on level 10 of the Dungeon)

   It affects your intelligence (+3).
   It protects you from poison.
   It affects your resistance to hostile enchantments.
 U - the +10 tower shield of Ignorance (worn) {rN+ Int-4}
   (You found it on level 8 of the Dungeon)

   It affects your intelligence (-4).
   It protects you from negative energy.
Jewellery
 e - an uncursed ring of protection from cold
 f - the amulet of Intercession (around neck) {Reflect rN+ SH+5}
   (You acquired it on level 10 of the Dungeon)

   [amulet of reflection]

   It shields you and reflects attacks.
   It protects you from negative energy.
   It affects your SH (+5).
 g - a ring of protection from fire (left hand)
 C - a cursed ring of attention {unknown}
 D - an uncursed ring of resist corrosion
 E - an uncursed ring of fire
 O - the ring of Skepticism (right hand) {Str+2 SInv}
   (You found it on level 10 of the Dungeon)

   [ring of see invisible]

   It affects your strength (+2).
   It lets you see invisible.
 Q - a +4 ring of protection
Wands
 u - a wand of paralysis (23)
 z - a wand of iceblast (25)
 A - a wand of clouds (3)
 B - a wand of polymorph (4)
 F - a wand of random effects (56)
 M - a wand of acid (12)
 S - a wand of flame (21)
 T - a wand of digging (21)
 Z - a wand of disintegration (14)
Scrolls
 h - a scroll of random uselessness {unknown}
 i - 20 scrolls of remove curse
 j - 2 scrolls of enchant armour
 r - 7 scrolls of immolation
 s - 6 scrolls of teleportation
 x - 5 scrolls of magic mapping
 N - 2 scrolls of identify
 X - 3 scrolls of fear
 Y - a scroll of silence
Potions
 d - 4 potions of might
 k - a potion of berserk rage
 n - 15 potions of heal wounds
 o - 8 potions of curing
 p - 3 potions of lignification
 q - 7 potions of stabbing
 t - 6 potions of brilliance
 v - 6 potions of flight
 w - 3 potions of mutation
 I - 2 potions of resistance
 J - 7 potions of haste
 P - 6 potions of ambrosia
Miscellaneous
 V - a lightning rod (4/4)
 W - 2 phantom mirrors


   Skills:
 + Level 10.0 Fighting
 + Level 12.6 Axes
 + Level 11.7 Armour
 + Level 9.6 Dodging
 * Level 12.9 Shields
 + Level 12.7 Invocations
 + Level 11.4 Evocations


You had 14 spell levels left.
You didn't know any spells.
Your spell library contained the following spells:

 Spells                   Type           Power        Failure   Level
 Beastly Appendage        Tmut           #.....       100%        1
 Corona                   Hex            #......      100%        1
 Slow                     Hex            #.......     100%        2
 Wereblood                Tmut           #.......     100%        2
 Inner Flame              Hex/Fire       #.......     100%        3
 Portal Projectile        Hex/Tloc       #.....       100%        3
 Spider Form              Tmut/Pois      #.........   100%        3
 Cause Fear               Hex            #.........   100%        4
 Ice Form                 Ice/Tmut       #.......     100%        4
 Leda's Liquefaction      Hex/Erth       #.........   100%        4
 Blade Hands              Tmut           #.........   100%        5


Dungeon Overview and Level Annotations

Branches:
Dungeon (13/15)            Temple (1/1) D:4            Lair (6/6) D:8
  Swamp (0/4) Lair:4       Spider (0/4) Lair:3        Slime (0/5) Lair:6
    Orc (2/2) D:12            Elf (0/3) Orc:2         Sewer (visited)
Ossuary (visited)         Gauntlet (visited)
 Vaults: D:13-14

Altars:
Ashenzari
Cheibriados
Dithmenos
Elyvilon
Fedhas
Gozag
Hepliaklqana
Makhleb
Nemelex Xobeh
Okawaru
Qazlal
Ru
Sif Muna
Trog
Uskayaw
Vehumet
Wu Jian
Xom
Yredelemnul
Zin
The Shining One
Beogh
Jiyva

Shops:
D:7 ?   D:8 *   D:9 *   D:12 :   Orc:2 =

Annotations:
D:2 1 runed translucent door, Crazy Yiuf
D:8 1 runed translucent door, exclusion: 4 orange crystal statues
D:12 2 runed translucent doors
Lair:3 3 runed translucent doors, JoannaLumley's ghost, journeyman FeEn
Lair:4 exclusion: oklob plant
Lair:6 3 runed translucent doors, Illumine's ghost, journeyman MiFi


Innate Abilities, Weirdness & Mutations

You are resistant to damage.
You can heal yourself by infusing magical energy.
You resist negative energy. (rN+)
You passively map the area around you.
You do not regenerate.


Message History

The orc knight no longer looks unusually strong.
You block the orc wizard's attack.
The orc high priest invokes the aid of Beogh against you.
Beogh smites you!
* * * LOW HITPOINT WARNING * * *
The orc knight hits you but does no damage.
The neqoxec gestures at you.
You feel dopey.
You have lost your intelligence.
Something feeds on your intellect!
The orc sorcerer no longer looks unusually strong.
The sixfirhy hits you.
* * * LOW HITPOINT WARNING * * *
The sixfirhy shocks you. You resist.
* * * LOW HITPOINT WARNING * * *
The sixfirhy hits you but does no damage. x2
The orc wizard gestures at you while chanting.
The magic dart hits you!
* * * LOW HITPOINT WARNING * * *
The orc high priest hits you with a +0 battleaxe!
You die...

##.....## ##......# ........#
###### ......### #÷....#
......# ###....... ....###
#...÷..... ..#.# ##..o÷...÷.
..### ##))53..○... ...###
#.))@o4..÷.. * .....#
##.÷o#o3...÷. * .....##
#...##.÷.÷..# * ......###
#...###..###### ##......#
#...)##### ##.## .#......#
##.....#####...# .......##
##............#### ........##
##............#.##
.......#.########.............#


You could see an orc knight, an orc high priest (strong, drained), a rust devil
(summoned), a sixfirhy (summoned), a neqoxec (summoned), an orc sorcerer, an
iron imp (summoned) and an orc wizard (strong, drained).

Vanquished Creatures
  An orc warlord (Orc:1)
  A minotaur (Gauntlet)
  Harold (D:9)
  4 catoblepae
  6 hydras
  A queen ant (Lair:5)
  An orc high priest (Orc:2)
  10 death yaks
  A fire crab (Lair:5)
  5 skeletal warriors (D:12)
  An unseen horror (D:12)
  Pikel (D:5)
  5 ugly things
  An orc knight (Orc:2)
  2 manticores (Lair:6)
  3 elephants (Lair:4)
  5 black mambas
  7 rime drakes
  3 gargoyles (D:12)
  13 cane toads
  An eye of devastation (Gauntlet)
  Maggie (D:6)
  5 komodo dragons
  A queen bee (Lair:3)
  3 jumping spiders (Lair:3)
  3 meliai (Gauntlet)
  2 bog bodies (Lair:4)
  4 trolls
  3 polar bears
  10 hippogriffs
  16 blink frogs
  A meliai zombie (D:12)
  7 dream sheep (Lair:5)
  Sigmund (D:4)
  5 redbacks (Lair:3)
  2 shadows (Gauntlet)
  6 wyverns (Lair:4)
  6 basilisks
  A wraith (D:10)
  28 yaks
  Menkaure (D:6)
  2 swamp worms (Lair:4)
  4 wargs
  3 soldier ants
  A floating eye (Gauntlet)
  15 water moccasins
  11 porcupines
  19 orc warriors
  A necrophage (D:9)
  5 black bears
  2 ice beasts
  3 phantoms
  2 sky beasts
  An eye of draining (D:13)
  4 boggarts (Lair:6)
  14 centaurs
  15 ogres
  11 wolves (Lair:2)
  6 crocodiles
  3 big kobolds
  An elf zombie (Ossuary)
  Blork the orc (D:5)
  10 bullfrogs
  6 scorpions
  A water moccasin skeleton (D:5)
  33 killer bees
  5 wights (D:12)
  A howler monkey (D:7)
  5 electric eels
  8 centaur zombies
  2 bullfrog zombies
  A human zombie (Ossuary)
  4 jellies
  A quasit (D:11)
  4 bullfrog skeletons
  5 centaur skeletons
  3 hounds
  19 orc priests
  A gnoll shaman (Orc:2)
  13 orc wizards
  3 iguanas
  Ijyb (D:4)
  16 worker ants
  A killer bee zombie (D:10)
  2 big kobold zombies (Ossuary)
  2 mummies (Ossuary)
  4 gnolls (Orc:2)
  11 adders
  6 river rats (Sewer)
  3 shadow imps
  5 white imps
  3 ufetubi
  3 oozes
  An adder zombie (Ossuary)
  2 adder skeletons
  7 worms
  5 dart slugs
  7 leopard geckos
  62 orcs
  7 ball pythons
  5 giant cockroaches
  2 gnoll zombies (D:3)
  5 goblins
  8 hobgoblins
  11 jackals
  2 quokkas
  6 bats
  3 frilled lizards
  A giant cockroach zombie (D:5)
  A goblin zombie (Ossuary)
  10 hobgoblin zombies (Ossuary)
  A jackal skeleton (D:5)
  2 jackal zombies (Ossuary)
  30 kobolds
  9 kobold zombies (Ossuary)
  6 orc zombies (Ossuary)
  A quokka skeleton (D:5)
  26 rats
  5 fungi
  6 plants
716 creatures vanquished.

Vanquished Creatures (collateral kills)
  2 entropy weavers
  An orc high priest (Orc:2)
  2 orc knights (Orc:2)
  2 orc sorcerers (Orc:2)
  A soldier ant (Lair:4)
  2 orc warriors (Orc:2)
  An orc (Orc:2)
11 creatures vanquished.

Vanquished Creatures (others)
  An air elemental (D:12)
  A water elemental (D:12)
  A bullfrog zombie (D:12)
  An orc wizard (Orc:2)
  7 fungi
  10 plants
21 creatures vanquished.

Grand Total: 748 creatures vanquished

Notes
Turn   | Place    | Note
-------+----------+-------------------------------------------
     0 | D:1      | Illumine the Deep Dwarf Fighter began the quest for the
                  | Orb.
     0 | D:1      | Reached XP level 1. HP: 20/20 MP: 1/1
    64 | D:1      | Reached XP level 2. HP: 27/27 MP: 2/2
   330 | D:1      | Reached XP level 3. HP: 32/34 MP: 3/3
   912 | D:2      | Reached XP level 4. HP: 28/42 MP: 4/4
  1504 | D:2      | Found a runed translucent door.
  1505 | D:2      | Noticed Crazy Yiuf
  1574 | D:3      | Found a glowing drain.
  1589 | Sewer    | Entered a sewer
  1617 | Sewer    | Noticed a big kobold
  1640 | Sewer    | Killed a big kobold
  1640 | Sewer    | Reached XP level 5. HP: 18/49 MP: 5/5
  1823 | Sewer    | Reached skill level 5 in Axes
  1890 | Sewer    | Reached XP level 6. HP: 42/57 MP: 5/5
  2124 | D:3      | Found a basalt altar of Yredelemnul.
  2377 | D:3      | Found an ornate altar of the Wu Jian Council.
  2655 | D:4      | Found a staircase to the Ecumenical Temple.
  2742 | Temple   | Entered the Ecumenical Temple
  2821 | Temple   | Became a worshipper of Makhleb the Destroyer
  2894 | D:4      | Found a sand-covered staircase.
  3033 | D:4      | Found a hazy altar of Hepliaklqana.
  3101 | Ossuary  | Entered an ossuary
  3175 | Ossuary  | Reached * piety under Makhleb
  3189 | Ossuary  | Reached skill level 1 in Invocations
  3210 | Ossuary  | Reached skill level 5 in Armour
  3238 | Ossuary  | Reached XP level 7. HP: 63/64 MP: 7/7
  3721 | D:4      | Noticed Ijyb
  3739 | D:4      | Killed Ijyb
  3758 | D:4      | Noticed Sigmund
  3771 | D:4      | Killed Sigmund
  3986 | D:5      | Entered Level 5 of the Dungeon
  3986 | D:5      | Found a blossoming altar of Fedhas.
  4010 | D:5      | Found a stormy altar of Qazlal.
  4012 | D:5      | Found a bloodstained altar of Trog.
  4012 | D:5      | Found a glowing silver altar of Zin.
  4018 | D:5      | Reached XP level 8. HP: 35/73 MP: 8/8
  4211 | D:5      | Noticed Blork the orc
  4225 | D:5      | Reached ** piety under Makhleb
  4229 | D:5      | Killed Blork the orc
  4229 | D:5      | Reached skill level 5 in Fighting
  4253 | D:5      | Found a snail-covered altar of Cheibriados.
  4296 | D:5      | Noticed Pikel
  4307 | D:5      | Killed Pikel
  4307 | D:5      | Reached skill level 5 in Invocations
  4417 | D:5      | Gained mutation: You passively map the area around you.
                  | [Deep Dwarf growth]
  4417 | D:5      | Reached XP level 9. HP: 81/81 MP: 10/10
  4498 | D:5      | Found a glowing golden altar of the Shining One.
  4512 | D:5      | Found a sparkling altar of Nemelex Xobeh.
  4906 | D:6      | Noticed Maggie
  4935 | D:6      | Killed Maggie
  4935 | D:6      | Reached skill level 1 in Dodging
  4935 | D:6      | Reached skill level 1 in Evocations
  5036 | D:6      | Found a shattered altar of Ashenzari.
  5144 | D:6      | Reached *** piety under Makhleb
  5249 | D:6      | Noticed Menkaure
  5269 | D:6      | Killed Menkaure
  5297 | D:6      | Found a white marble altar of Elyvilon.
  6123 | D:7      | Found Nixzefoz's Magic Scroll Emporium.
  6273 | D:8      | Found Kaen's Assorted Antiques.
  6287 | D:8      | Found the +10 tower shield of Ignorance {rN+ Int-4}
  6291 | D:8      | Found a runed translucent door.
  6296 | D:8      | Noticed an orange crystal statue
  6330 | D:8      | Noticed an orange crystal statue
  6330 | D:8      | Noticed an orange crystal statue
  6330 | D:8      | Noticed an orange crystal statue
  6331 | D:8      | Found a runed translucent door.
  6482 | D:8      | Got a jewelled scale mail
  6493 | D:8      | Identified the +1 scale mail "Gocsifaih" {Harm +Inv rCorr
                  | Stlth+} (You found it on level 8 of the Dungeon)
  6512 | D:8      | Found a staircase to the Lair.
  6864 | D:8      | Found a hide-covered altar of Uskayaw.
  7194 | D:8      | Got a spiked chain mail
  7205 | D:8      | Identified the +7 chain mail of Boiling Hail {rElec rF-
                  | Regen+ Str+5} (You found it on level 8 of the Dungeon)
  7293 | D:9      | Reached **** piety under Makhleb
  7403 | D:9      | Noticed Harold
  7407 | D:9      | Reached XP level 10. HP: 92/92 MP: 12/12
  7424 | D:9      | Killed Harold
  7424 | D:9      | Reached skill level 5 in Shields
  7716 | D:9      | Reached skill level 5 in Evocations
  7816 | D:9      | Found a shimmering blue altar of Sif Muna.
  7937 | D:9      | Found Zarunul's General Store.
  8002 | D:10     | Entered Level 10 of the Dungeon
  8103 | D:10     | Got a smoking cloak
  8109 | D:10     | Identified the +1 cloak "Zuasioqu" {rPois MR- Int+3} (You
                  | found it on level 10 of the Dungeon)
  8235 | D:10     | Reached skill level 10 in Axes
  8256 | D:10     | Got a flickering pewter ring
  8307 | D:10     | Reached ***** piety under Makhleb
  8594 | D:10     | Identified the ring of Skepticism {Str+2 SInv} (You found
                  | it on level 10 of the Dungeon)
  8597 | D:10     | Identified a scroll of acquirement
  8598 | D:10     | Acquired the amulet of Intercession {Reflect rN+ SH+5}
  8684 | D:11     | Reached XP level 11. HP: 99/99 MP: 14/14
  8814 | D:11     | Found a gate leading to a gauntlet.
  8918 | Gauntlet | Entered a Gauntlet
  8918 | Gauntlet | Found a transporter.
  8918 | Gauntlet | Found a transporter.
  8922 | Gauntlet | Found a transporter.
  8922 | Gauntlet | Found a transporter.
  8932 | Gauntlet | Paralysed by a floating eye for 4 turns
  8940 | Gauntlet | Noticed a soul eater
  8949 | Gauntlet | Found a transporter.
  8949 | Gauntlet | Found a transporter.
  8957 | Gauntlet | Found a transporter.
  8957 | Gauntlet | Found a transporter.
  8960 | Gauntlet | Found a transporter.
  8960 | Gauntlet | Found a transporter.
  8983 | Gauntlet | Reached skill level 5 in Dodging
  8990 | Gauntlet | Found a transporter.
  8993 | Gauntlet | Found a transporter.
  9045 | Gauntlet | Noticed a minotaur
  9057 | Gauntlet | Killed a minotaur
  9319 | Lair:1   | Entered Level 1 of the Lair of Beasts
 10296 | Lair:2   | Noticed an eight-headed hydra
 10312 | Lair:2   | Killed a nine-headed hydra
 10312 | Lair:2   | Reached XP level 12. HP: 101/110 MP: 16/16
 11012 | Lair:3   | Found a runed translucent gate.
 11012 | Lair:3   | Found a runed translucent gate.
 11013 | Lair:3   | Found a runed translucent gate.
 11015 | Lair:3   | Noticed JoannaLumley's ghost (journeyman FeEn)
 11015 | Lair:3   | Noticed a 13-headed hydra
 11064 | Lair:3   | Reached skill level 10 in Invocations
 11068 | Lair:3   | Found a hole to the Spider Nest.
 11105 | Lair:3   | Found a radiant altar of Vehumet.
 11342 | Lair:3   | Noticed a catoblepas
 11387 | Lair:3   | Killed a catoblepas
 11930 | Lair:4   | Noticed a death yak
 11931 | Lair:4   | Noticed a death yak
 11931 | Lair:4   | Noticed a death yak
 11948 | Lair:4   | Killed a death yak
 11948 | Lair:4   | Reached skill level 10 in Armour
 11961 | Lair:4   | Killed a death yak
 11969 | Lair:4   | Killed a death yak
 12052 | Lair:4   | Noticed an eight-headed hydra
 12065 | Lair:4   | Killed an eight-headed hydra
 12113 | Lair:4   | Reached skill level 10 in Shields
 12113 | Lair:4   | Reached XP level 13. HP: 110/118 MP: 16/16
 12215 | Lair:4   | Found a staircase to the Swamp.
 12622 | Lair:5   | Noticed an entropy weaver
 12634 | Lair:5   | Noticed an entropy weaver
 12648 | Lair:5   | HP: 6/120 [entropy weaver (12)]
 12825 | Lair:4   | Killed an entropy weaver
 12886 | Lair:5   | Killed an entropy weaver
 13631 | Lair:5   | Reached skill level 10 in Evocations
 13872 | Lair:6   | Entered Level 6 of the Lair of Beasts
 13935 | Lair:6   | Reached ****** piety under Makhleb
 14172 | Lair:6   | Gained mutation: You resist negative energy. (rN+) [Deep
                  | Dwarf growth]
 14172 | Lair:6   | Reached XP level 14. HP: 116/129 MP: 17/17
 14316 | Lair:6   | Found a viscous altar of Jiyva.
 14316 | Lair:6   | Found a staircase to the Slime Pits.
 14327 | Lair:6   | Found a runed translucent gate.
 14327 | Lair:6   | Found a runed translucent gate.
 14327 | Lair:6   | Found a runed translucent gate.
 14329 | Lair:6   | Found a viscous altar of Jiyva.
 14329 | Lair:6   | Noticed Illumine's ghost (journeyman MiFi)
 15939 | D:12     | Found Weeni's Book Shoppe.
 15981 | D:12     | Found a large runed translucent door.
 15981 | D:12     | Found a large runed translucent door.
 16235 | D:12     | Found a staircase to the Orcish Mines.
 17135 | Orc:1    | Entered Level 1 of the Orcish Mines
 17174 | Orc:1    | Noticed an orc warlord
 17201 | Orc:1    | Killed an orc warlord
 17305 | Orc:2    | Entered Level 2 of the Orcish Mines
 17377 | Orc:2    | Reached skill level 10 in Fighting
 17399 | Orc:2    | Found a roughly hewn altar of Beogh.
 17524 | Orc:2    | Found Gioceesch's Jewellery Boutique.
 17576 | Orc:2    | Found a staircase to the Elven Halls.
 17789 | Orc:2    | Reached XP level 15. HP: 88/138 MP: 19/19
 17792 | Orc:2    | Lost intelligence.
 17793 | Orc:2    | HP: 3/138 [orc wizard/magic dart (6)]
 17793 | Orc:2    | Mangled by an orc high priest

Illustrated notes

Levels and vault maps discovered:
D:1:      shiori_arrival_elements, layout_loops_ring
D:2:      layout_loops_ring, uniq_crazy_yiuf_cottage
D:3:      layout_loops_ring, nicolae_overflow_crystal_walls,
          lemuel_zombie_altar_yredelemnul, cheibrodos_sewer_entry_sluice,
          grunt_ministairs_2
D:4:      layout_cave_pods, kennysheep_mini, temple_fountains, enter_ossuary_5,
          uniq_sigmund, uniq_ijyb
D:5:      layout_loops_ring, nemelex_xobeh_ov_fountains_minmay,
          marbit_many_paths, kennysheep_slug_shrine, grunt_temple_overflow_open,
          uniq_pikel, uniq_blork_the_orc
D:6:      layout_loops_ring, elyvilon_altar_1, basic_altar, uniq_maggie,
          uniq_menkaure
D:7:      layout_loops_ring, serial_shops,
          nicolae_shop_temple_entry_statues_fountains
D:8:      layout_loops_corners, lemuel_coloured_pillars_altar, lair_entry_dummy,
          serial_shops, nicolae_shop_crystal, chequers_guarded_unrand_ignorance
D:9:      layout_basic, kennysheep_little_box, serial_shops, nicolae_shop_trees,
          uniq_harold
D:10:     layout_roguey
D:11:     layout_basic, gauntlet_entry_generic
D:12:     minmay_the_grid_square_5x5_3x3
          [minmay_the_grid_square_5x5_fancy_junction,
          minmay_the_grid_square_5x5_slash, minmay_the_grid_square_5x5_tie,
          minmay_the_grid_square_5x5_hourglass,
          minmay_the_grid_square_5x5_megaprize_hollow,
          minmay_the_grid_square_5x5_shuriken,
          minmay_the_grid_square_5x5_hollow_slash, minmay_the_grid_square_5x5_c,
          minmay_the_grid_square_5x5_intrusive_squares], layout_stronghold,
          david_orc_4, serial_shops, shop, lightli_elemental_guards
D:13:     layout_cross, serial_shops, nicolae_shop_window_shopping
Temple:   compressed_dpeg_triangle_lava_temple
Lair:1:   layout_chaotic_city, guppyfry_lair_drakes
Lair:2:   layout_small_grid
Lair:3:   layout_roguey [special_room_bee], nicolae_spider_entry_tight_spaces,
          gammafunk_ghost_hydra_chop, basic_altar, serial_bayou_ford_a
Lair:4:   layout_roguey, nicolae_swamp_entry_splash_gauntlet, special_room
          [special_room_mythical_zoo], minmay_lair_oklob_chamber,
          serial_bayou_shore_a, lemuel_fruit_tree
Lair:5:   layout_long_grid, chequers_serial_rivers_room_a, wad_woods_antlair
Lair:6:   evilmike_catoblepas_cave, layout_cellular_growth,
          dpeg_slime_entry_enclosed_altar, gammafunk_ghost_ooze,
          kilobyte_rumbling_trees
Orc:1:    layout_caves
Orc:2:    grunt_orc_tribal_feast, layout_diamond_mine, serial_shops,
          nicolae_shop_statue_plus, basic_altar

Skill      XL: |  1  2  3  4  5  6  7  8  9 10 11 12 13 14 |
---------------+-------------------------------------------+-----
Axes           | 3 4 5 7 8 9 10 11 12 | 12.6
Fighting       | 3 4 5 6 7 8 9 10 | 10.0
Armour         | 4 5 6 7 8 9 10 11 | 11.7
Invocations    | 1 3 5 7 8 9 10 11 12 | 12.7
Dodging        | 2 4 6 7 8 9 |  9.6
Evocations     | 3 5 7 9 10 11 | 11.4
Shields        | 4 6 8 10 11 12 | 12.9

Action                   |  1- 3 |  4- 6 |  7- 9 | 10-12 | 13-15 || total
-------------------------+-------+-------+-------+-------+-------++-------
Melee: War axe           |   122 |   254 |   461 |   288 |       ||  1125
       Broad axe         |       |       |       |   454 |   871 ||  1325
       Mace              |       |       |       |    21 |    44 ||    65
Throw: Javelin           |       |       |       |    10 |       ||    10
Invok: Lesser Servant of |       |       |       |     1 |     3 ||     4
       Greater Servant o |       |       |       |       |     1 ||     1
 Abil: Heal Wounds       |       |     2 |     7 |     4 |    10 ||    23
Evoke: Wand              |       |       |     2 |     1 |       ||     3
  Use: Potion            |       |       |     2 |     1 |     2 ||     5
       Scroll            |       |       |    17 |    12 |     8 ||    37
 Stab: Distracted        |       |       |       |     1 |     1 ||     2
       Petrified         |       |       |       |       |    11 ||    11
       Petrifying        |       |       |       |       |     1 ||     1
Armor: Scale mail        |    16 |       |       |       |       ||    16
       Chain mail        |    12 |       |    16 |   342 |   280 ||   650
       Plate armour      |    42 |   166 |   213 |       |       ||   421
       Acid dragon scale |       |       |    14 |       |       ||    14
       Skin              |       |       |     2 |       |       ||     2
Dodge: Dodged            |    25 |    54 |    99 |   186 |   194 ||   558
Block: Kite shield       |    69 |   166 |   231 |   252 |       ||   718
       Tower shield      |       |       |       |   807 |  1544 ||  2351
       Reflection        |       |       |       |     4 |    22 ||    26

Table legend: (Time is in decaauts)
 A = Elapsed time spent in this place.
 B = Non-inter-level travel time spent in this place.
 C = Inter-level travel time spent in this place.
 D = Time resting spent in this place.
 E = Time spent auto-exploring this place.
 F = Levels seen in this place.
 G = Mean time per level.
                   A        B        C        D        E       F      G
               +--------+--------+--------+--------+--------+-----+--------+
         Total |  18265 |  17059 |   1206 |    599 |  11243 |  25 |  730.6 |
       Dungeon |  10663 |   9767 |    896 |    104 |   7233 |  13 |  820.2 |
        Temple |     97 |     66 |     31 |      0 |     61 |   1 |   97.0 |
          Lair |   5979 |   5714 |    265 |    495 |   3286 |   6 |  996.5 |
  Orcish Mines |    665 |    651 |     14 |      0 |    389 |   2 |  332.5 |
         Sewer |    400 |    400 |      0 |      0 |    180 |   1 |  400.0 |
       Ossuary |    307 |    307 |      0 |      0 |     93 |   1 |  307.0 |
      Gauntlet |    151 |    151 |      0 |      0 |      0 |   1 |  151.0 |
               +--------+--------+--------+--------+--------+-----+--------+

Top non-repeatable levels by time:
    D:12: 1367 daAuts
  Lair:3: 1150 daAuts
  Lair:6: 1144 daAuts
  Lair:5: 1142 daAuts
     D:8: 1137 daAuts
  Lair:4: 1040 daAuts
     D:4: 1008 daAuts
    D:11: 916 daAuts
     D:2: 851 daAuts
  Lair:2: 837 daAuts
     D:9: 834 daAuts
     D:6: 831 daAuts
     D:5: 809 daAuts
     D:1: 763 daAuts
    D:10: 746 daAuts
